 Dungeon Crawl Stone Soup version 0.29-a0-824-gd827844 (webtiles) character file.

Game seed: 5234269042842462278

16062 Illumine the Skirmisher (level 12, -3/112 HPs)
             Began as a Minotaur Fighter on July 8, 2022.
             Was an Initiate of Gozag.
             Slain by a catoblepas (9 damage)
             ... while petrified by a catoblepas
             ... in a Gauntlet on July 9, 2022.
             The game lasted 00:21:47 (14420 turns).

Illumine the Skirmisher (Minotaur Fighter)         Turns: 14420, Time: 00:21:47

Health: -3/112     AC: 27    Str: 25    XL:     12   Next: 6%
Magic:  11/11      EV:  2    Int:  5    God:    Gozag
Gold:   473        SH:  0    Dex: 11    Spells: 11/11 levels left

rFire   + . .      SeeInvis .   a - +0 war axe
rCold   + . .      Faith    .   c - +0 buckler
rNeg    + + +      Spirit   .   I - +0 crystal plate armour
rPois   ∞          Reflect  .   (helmet restricted)
rElec   .          Harm     .   d - +1 cloak {rPois}
rCorr   .          Rampage  .   E - +0 pair of gloves
Will    .....      NoTele   +   L - +0 pair of boots
Stlth   ..........              (no amulet)
HPRegen 0.28/turn               l - ring of protection from fire
MPRegen 0.12/turn               G - ring of protection from cold

@: petrified, invisible
A: horns 2, retaliatory headbutt
a: Renounce Religion, Potion Petition, Call Merchant, Bribe Branch


You were in a Gauntlet.
You worshipped Gozag.
Gozag was aware of your devotion.
You visited 3 branches of the dungeon, and saw 13 of its levels.
You also visited: Sewer and Gauntlet.

You collected 2862 gold pieces.
You spent 798 gold pieces at shops.
You paid 1591 gold pieces to Gozag.

Inventory:

Hand Weapons
 a - a +0 war axe (weapon)
 b - the +5 sling "Dubits" {flame, rC+ Int+5 Dex+2}
   (You found it on level 2 of the Dungeon)

   Any ammunition fired from it burns those it strikes, dealing additional fire
   damage.
   Int:       It affects your intelligence (+5).
   Dex:       It affects your dexterity (+2).
   rC:        It protects you from cold.
 N - the +7 hand axe of Mymanuibi {vorpal, rElec rCorr}
   (You found it in a Gauntlet)

   It inflicts extra damage upon your enemies.
   rElec:     It insulates you from electricity.
   rCorr:     It protects you from acid and corrosion.
Missiles
 w - a throwing net
Armour
 c - a +0 buckler (worn)
 d - a +1 cloak of poison resistance (worn)
 E - a +0 pair of gloves (worn)
 I - a +0 crystal plate armour (worn)
 L - a +0 pair of boots (worn)
Jewellery
 g - a ring of ice
 l - a ring of protection from fire (left hand)
 G - a ring of protection from cold (right hand)
 J - an amulet of faith
 P - the ring "Pikhleeno" {Fly rPois rC+ Will+ Stlth+}
   (You found it in a Gauntlet)

   [ring of protection from cold]

   rC:        It protects you from cold.
   rPois:     It protects you from poison.
   Fly:       It grants you flight.
   Will:      It increases your willpower.
   Stlth:     It makes you more stealthy.
Wands
 s - a wand of flame (12)
 y - a wand of polymorph (5)
 K - a wand of charming (3)
Scrolls
 f - 5 scrolls of teleportation
 m - 2 scrolls of poison
 n - a scroll of fear
 p - a scroll of vulnerability
 r - a scroll of torment {unknown}
 t - 4 scrolls of blinking
 v - a scroll of enchant armour {unknown}
 x - a scroll of summoning
 z - a scroll of fog
 D - a scroll of enchant weapon {unknown}
 H - a scroll of immolation
 M - a scroll of magic mapping {unknown}
Potions
 e - 2 potions of brilliance {unknown}
 h - 2 potions of curing
 i - 7 potions of mutation
 j - 2 potions of degeneration {unknown}
 k - 2 potions of invisibility
 o - a potion of attraction {unknown}
 u - a potion of magic {unknown}
 A - a potion of ambrosia {unknown}
 B - a potion of haste {unknown}
 C - 2 potions of cancellation {unknown}
 F - 2 potions of lignification {unknown}
 O - a potion of berserk rage {unknown}


   Skills:
 + Level 12.1 Fighting
 + Level 5.0 Axes
 - Level 14.0 Ranged Weapons
 + Level 12.3 Armour
 - Level 2.0 Dodging
 + Level 5.1 Shields
 + Level 2.1 Evocations


You had 11 spell levels left.
You didn't know any spells.
Your spell library contained the following spells:

 Spells                   Type           Power      Damage    Failure   Level
 Apportation              Tloc           0%         N/A       100%        1
 Necrotise                Necr           0%         1d4       100%        1
 Summon Small Mammal      Summ           0%         N/A       100%        1
 Blink                    Tloc           0%         N/A       100%        2
 Conjure Flame            Conj/Fire      0%         6-21      100%        3
 Frozen Ramparts          Ice            0%         1d2       100%        3
 Gell's Gravitas          Tloc           0%         N/A       100%        3
 Ignite Poison            Fire/Tmut/Pois 0%         N/A       100%        3
 Lesser Beckoning         Tloc           0%         N/A       100%        3
 Teleport Other           Tloc           0%         N/A       100%        3
 Ice Form                 Ice/Tmut       0%         N/A       100%        4
 Sticky Flame             Conj/Fire      0%         2d3       100%        4
 Summon Ice Beast         Ice/Summ       0%         N/A       100%        4
 Alistair's Intoxication  Tmut/Pois      0%         N/A       100%        5
 Manifold Assault         Tloc           0%         N/A       100%        5
 Dispersal                Tloc           0%         N/A       100%        6
 Disjunction              Tloc           0%         N/A       100%        8


Dungeon Overview and Level Annotations

Branches:
Dungeon (11/15)            Temple (1/1) D:6            Lair (1/6) D:11
  Sewer (visited)         Gauntlet (1/1)
    Orc: D:9-12

Altars:
Ashenzari
Elyvilon
Gozag
Kikubaaqudgha
Makhleb
Qazlal
Sif Muna
Trog
Uskayaw
Xom
Yredelemnul
Zin
The Shining One

Shops:
D:3 *   D:5 ?   D:10 *

Annotations:
D:2 Sigmund
D:7 2 runed translucent doors, slAvIk159's ghost, novice HOMo
D:9 2 transporters, Radamante's ghost, novice OgFi Gauntlet 12 transporters, exclusions: obsidian statue and orange crystal statue


Innate Abilities, Weirdness & Mutations

You have a pair of horns on your head.
You reflexively headbutt those who attack you in melee.


Message History

The catoblepas breathes a plume of calcifying dust at you.
The blast of calcifying dust hits you but does no damage.
The minotaur is engulfed in calcifying dust.
The catoblepas breathes a plume of calcifying dust at you.
The blast of calcifying dust hits you but does no damage.
There is a transporter landing site, spattered with blood here.
Unknown command.
You hit the catoblepas.
The catoblepas is heavily wounded.
You are slowing down.
The catoblepas gores you but does no damage.
The catoblepas gores you!
* * * LOW HITPOINT WARNING * * *
The catoblepas gores you but does no damage.
Your limbs are stiffening.
Unknown command.
Unknown command.
Unknown command.
You feel much better.
The catoblepas rams the ground with its head heavily.
The catoblepas gores you!!
* * * LOW HITPOINT WARNING * * *
You have turned to stone.
The moth of wrath's fur bristles in rage as it notices you.
The catoblepas gores you but does no damage.
The moth of wrath's fur bristles in rage as it notices you.
The catoblepas gores you!
* * * LOW HITPOINT WARNING * * *
The minotaur is no longer petrified.
The catoblepas breathes a plume of calcifying dust at you.
The blast of calcifying dust hits you but does no damage.
The minotaur hits you but does no damage.
The minotaur gores you but does no damage.
The catoblepas gores you.
* * * LOW HITPOINT WARNING * * *
The minotaur barely misses you. The minotaur gores you!
* * * LOW HITPOINT WARNING * * *
The catoblepas gores you!!
You die...
Your body crumbles into a pile of gold.

..##.#.#.^##.##^.#.#.#.#8#.#.#.#9
§)999#.#...[©ssss#.#..|.©[!..#.##
######.###########.###########.##
.................................
.................≈∩≈.............
#################################
# #8# #8##≈...............≈##8# #
# ### ####8§.©.HY©.©.©.©..8#### #
#§.....@.........≈#
###.##.##.##.##.###
#.##.##.##.##.# ... .. .##. #.#
#. . .# . .. .. .#


You could see a minotaur (unable to see you), a catoblepas (unable to see you),
a wolf spider (unable to see you) and 3 redbacks.

Vanquished Creatures
  4 two-headed ogres
  2 slime creatures (Gauntlet)
  Pikel (D:6)
  Joseph (D:10)
  7 centaur zombies (D:10)
  Maggie (D:10)
  2 komodo dragons
  2 unseen horror zombies (D:10)
  2 hornets
  Prince Ribbit (D:6)
  2 trolls
  2 meliai zombies (D:10)
  A vampire mosquito (D:10)
  Grum (D:8)
  9 yaks
  4 steam dragons
  2 wargs (D:11)
  A floating eye (Gauntlet)
  3 water moccasins (D:7)
  2 orc warriors
  A sky beast (D:7)
  An ice beast (D:7)
  7 centaurs
  6 ogres
  2 lemures (D:6)
  2 wolves (D:8)
  2 phantoms
  2 kobold brigands
  A gnoll sergeant (D:10)
  5 bullfrogs
  4 scorpions
  4 wights
  6 killer bees
  2 howler monkeys
  4 jellies
  2 hounds (D:5)
  7 orc priests
  Crazy Yiuf (D:3)
  10 orc wizards
  An iguana (D:5)
  7 gnolls
  7 adders
  4 river rats (Sewer)
  2 shadow imps (D:7)
  3 white imps
  An ufetubus (D:5)
  3 worms
  3 dart slugs
  19 orcs
  10 endoplasms
  4 giant cockroaches (Sewer)
  5 goblins
  8 hobgoblins
  3 jackals (D:5)
  12 kobolds
  6 quokkas
  13 ball pythons
  5 bats
  5 frilled lizards
  8 rats
248 creatures vanquished.

Vanquished Creatures (collateral kills)
  Lodul (D:10)
  An ogre (D:10)
2 creatures vanquished.

Vanquished Creatures (others)
  2 ogres (D:10)
  A kobold (D:8)
  5 fungi (Gauntlet)
  17 plants (Gauntlet)
25 creatures vanquished.

Grand Total: 275 creatures vanquished

Notes
Turn   | Place    | Note
-------+----------+-------------------------------------------
     0 | D:1      | Illumine the Minotaur Fighter began the quest for the Orb.
     0 | D:1      | Reached XP level 1. HP: 19/19 MP: 0/0
   298 | D:1      | Reached XP level 2. HP: 27/27 MP: 1/1
   409 | D:1      | Found a faded altar of an unknown god.
   951 | D:2      | Reached XP level 3. HP: 33/33 MP: 2/2
  1064 | D:2      | Found a glowing golden altar of the Shining One.
  1103 | D:2      | Identified the +5 sling "Dubits" {flame, rC+ Int+5 Dex+2}
  1264 | D:2      | Noticed Sigmund
  1506 | D:3      | Found an opulent altar of Gozag.
  1522 | D:3      | Found an ancient bone altar of Kikubaaqudgha.
  1559 | D:3      | Became a worshipper of Gozag Ym Sagoz the Greedy
  1704 | D:3      | Found Lidotz's General Store.
  1735 | D:3      | Bought a potion of heal wounds for 70 gold pieces
  1842 | D:3      | Found a hide-covered altar of Uskayaw.
  2010 | D:3      | Reached XP level 4. HP: 39/40 MP: 3/3
  2100 | D:3      | Found a runed translucent door.
  2101 | D:3      | Noticed Crazy Yiuf
  2409 | D:3      | Killed Crazy Yiuf
  2410 | D:3      | Reached skill level 1 in Ranged Weapons
  3083 | D:4      | Noticed a scorpion
  3089 | D:4      | Killed a scorpion
  3090 | D:4      | Reached skill level 2 in Ranged Weapons
  3090 | D:4      | Reached XP level 5. HP: 47/47 MP: 4/4
  3326 | D:4      | Noticed an ogre
  3332 | D:4      | Killed an ogre
  3333 | D:4      | Reached skill level 3 in Ranged Weapons
  3333 | D:4      | Reached skill level 5 in Armour
  3494 | D:5      | Entered Level 5 of the Dungeon
  3540 | D:5      | Reached skill level 5 in Fighting
  3540 | D:5      | Reached XP level 6. HP: 53/56 MP: 5/5
  3597 | D:5      | Found a glowing drain.
  3600 | D:5      | Reached skill level 4 in Ranged Weapons
  3663 | Sewer    | Entered a sewer
  4006 | Sewer    | Reached XP level 7. HP: 37/61 MP: 6/6
  4187 | Sewer    | Found a viscous altar of Jiyva.
  4337 | D:5      | Reached skill level 5 in Ranged Weapons
  4418 | D:5      | Found a glowing golden altar of the Shining One.
  4645 | D:5      | Reached skill level 6 in Ranged Weapons
  4821 | D:5      | Found Soghykla's Magic Scroll Boutique.
  4983 | D:6      | Reached XP level 8. HP: 68/71 MP: 7/7
  5231 | D:6      | Found a shimmering blue altar of Sif Muna.
  5321 | D:6      | Noticed Prince Ribbit
  5333 | D:6      | Killed Prince Ribbit
  5334 | D:6      | Reached skill level 7 in Ranged Weapons
  5527 | D:6      | Noticed Pikel
  5544 | D:6      | Killed Pikel
  5545 | D:6      | Reached skill level 8 in Ranged Weapons
  5847 | D:7      | Reached XP level 9. HP: 81/81 MP: 8/8
  6034 | D:6      | Found a staircase to the Ecumenical Temple.
  6273 | D:3      | Bought a scroll of acquirement for 728 gold pieces
  6273 | D:3      | Acquired a +0 crystal plate armour
  6574 | Temple   | Entered the Ecumenical Temple
  6677 | D:6      | Reached skill level 9 in Ranged Weapons
  7070 | D:7      | Found a large runed translucent door.
  7070 | D:7      | Found a large runed translucent door.
  7073 | D:7      | Noticed slAvIk159's ghost (novice HOMo)
  7526 | D:7      | Noticed a cyclops
  7526 | D:7      | Noticed a manticore
  7867 | D:8      | Reached skill level 10 in Ranged Weapons
  8035 | D:8      | Noticed Grum
  8047 | D:8      | Killed Grum
  8504 | D:8      | Reached XP level 10. HP: 67/91 MP: 9/9
  8730 | D:8      | Found a stormy altar of Qazlal.
  9099 | D:9      | Found a transporter.
  9100 | D:9      | Noticed a moth of wrath
  9108 | D:9      | Found a transporter.
  9113 | D:9      | Noticed a two-headed ogre
  9114 | D:9      | Found a bloodstained altar of Trog.
  9114 | D:9      | Noticed Radamante's ghost (novice OgFi)
  9115 | D:9      | Noticed a deep troll
  9172 | D:9      | Reached skill level 11 in Ranged Weapons
  9703 | D:9      | Reached skill level 10 in Armour
  9758 | D:9      | Found a burning altar of Makhleb.
  9785 | D:9      | Found a shimmering altar of Xom.
 10095 | D:9      | Found a broken altar of Ashenzari.
 10124 | D:9      | Found a bloodstained altar of Trog.
 10160 | D:10     | Entered Level 10 of the Dungeon
 10218 | D:9      | Reached skill level 10 in Fighting
 10327 | D:10     | Noticed Maggie
 10342 | D:10     | Killed Maggie
 10464 | D:10     | Noticed Lodul
 10477 | D:10     | Noticed Joseph
 10762 | D:10     | Reached skill level 12 in Ranged Weapons
 10772 | D:10     | Killed Lodul
 10990 | D:10     | Killed Joseph
 11272 | D:10     | Reached XP level 11. HP: 62/101 MP: 10/10
 11606 | D:10     | Reached skill level 13 in Ranged Weapons
 11697 | D:10     | Identified the +1 leather armour "Kozoill" {Rampage rC+
                  | Str+2 Dex-2}
 11842 | D:10     | Found a basalt altar of Yredelemnul.
 11870 | D:10     | Noticed a two-headed ogre
 12207 | D:10     | Paralysed by a hornet for 2 turns
 12495 | D:10     | Noticed a two-headed ogre
 12507 | D:10     | Killed a two-headed ogre
 12636 | D:10     | Killed a two-headed ogre
 12758 | D:10     | Noticed a two-headed ogre
 12767 | D:10     | Killed a two-headed ogre
 12768 | D:10     | Reached skill level 14 in Ranged Weapons
 12953 | D:10     | Found a glowing silver altar of Zin.
 12954 | D:10     | Noticed an angel
 12989 | D:10     | Found a white marble altar of Elyvilon.
 13139 | D:10     | Reached skill level 1 in Dodging
 13151 | D:10     | Reached skill level 1 in Evocations
 13411 | D:11     | Noticed a two-headed ogre
 13419 | D:11     | Killed a two-headed ogre
 13490 | D:11     | Found a staircase to the Lair.
 13559 | Lair:1   | Entered Level 1 of the Lair of Beasts
 13716 | Lair:1   | Found a gate leading to a gauntlet.
 13725 | Gauntlet | Entered a Gauntlet
 13725 | Gauntlet | Found a transporter.
 13804 | Gauntlet | Noticed a shining eye
 13811 | Gauntlet | Found a transporter.
 13813 | Gauntlet | Found a transporter.
 13815 | Gauntlet | Found a transporter.
 13828 | Gauntlet | Found a transporter.
 13843 | Gauntlet | Found a transporter.
 13848 | Gauntlet | Noticed a catoblepas
 13849 | Gauntlet | Found a transporter.
 13850 | Gauntlet | Noticed a ghost crab
 13866 | Gauntlet | Found a transporter.
 13883 | Gauntlet | Found a transporter.
 13892 | Gauntlet | Noticed a wolf spider
 13895 | Gauntlet | Found a transporter.
 13907 | Gauntlet | Found a transporter.
 13907 | Gauntlet | Noticed an obsidian statue
 13916 | Gauntlet | Found a transporter.
 13931 | Gauntlet | Found a transporter.
 13931 | Gauntlet | Noticed an orange crystal statue
 13948 | Gauntlet | Found a transporter.
 13965 | Gauntlet | Found a transporter.
 13965 | Gauntlet | Noticed a catoblepas
 13967 | Gauntlet | Found a transporter.
 13969 | Gauntlet | Noticed a wizard
 13996 | Gauntlet | Found a transporter.
 13998 | Gauntlet | Found a transporter.
 14083 | Gauntlet | Reached skill level 5 in Axes
 14083 | Gauntlet | Reached skill level 5 in Shields
 14083 | Gauntlet | Reached XP level 12. HP: 47/112 MP: 11/11
 14100 | Gauntlet | Identified the +7 hand axe of Mymanuibi {vorpal, rElec
                  | rCorr}
 14116 | Gauntlet | Paralysed by a floating eye for 4 turns
 14377 | Gauntlet | Identified the ring "Pikhleeno" {Fly rPois rC+ Will+
                  | Stlth+}
 14399 | Gauntlet | Noticed a minotaur
 14420 | Gauntlet | Slain by a catoblepas

Illustrated notes

Levels and vault maps discovered:
D:1:      saegor_arrival_simple_d, layout_loops_cross,
          dreamdust_ecumenical_altar_hidden_monk_grotto
D:2:      layout_loops_ring, basic_altar, corexii_corridor_pit, uniq_sigmund
D:3:      layout_basic, lemuel_doored_altar, mainiacjoe_overflow_catwalk_spiral,
          serial_shops, nicolae_shop_advertising_works
          [nicolae_subvault_shop_adworks], uniq_crazy_yiuf_cottage
D:4:      layout_basic
D:5:      layout_rooms, mainiacjoe_overflow_catwalk, portal_sewer_entry_a,
          serial_shops, nicolae_take_the_stairs
D:6:      layout_basic, led_sif_book, minmay_temple_entry_poolview, uniq_pikel,
          uniq_prince_ribbit1
D:7:      minmay_chambers_of_sevens, layout_rooms, ebering_ghost_disaster_area
D:8:      layout_basic, general_overflow_altar, uniq_grum
D:9:      layout_small_grid, mainiacjoe_overflow_brackets, lemuel_crystal_altar,
          mainiacjoe_overflow_swirl, gammafunk_ghost_wrathful_warriors,
          hangedman_decor_push
D:10:     minmay_inner_zag, layout_long_grid, nicolae_yredelemnul_corpse_copse,
          marbit_many_paths, zin_angel, uniq_maggie, uniq_joseph, uniq_lodul
D:11:     layout_irregular_city, erik_lair_orcish_takeover, uniq_psyche
Temple:   kb_corrupted_temple
Lair:1:   layout_chaotic_city, gauntlet_entry_generic
Gauntlet: gammafunk_gauntlet_one_two_three [gammafunk_gauntlet_arena_crates,
          gammafunk_gauntlet_arena_hedges, nicolae_gauntlet_arena_x,
          nicolae_gauntlet_arena_flowing_pool, gammafunk_gauntlet_arena_spirals,
          gammafunk_gauntlet_arena_grid, gammafunk_gauntlet_arena_split_diamond,
          gammafunk_gauntlet_arena_corners, gammafunk_gauntlet_arena_teeth,
          gauntlet_exit_green]

Skill      XL: |  1  2  3  4  5  6  7  8  9 10 11 |
---------------+----------------------------------+-----
Axes           | 3 4 5 |  5.0
Shields        | 4 5 |  5.1
Armour         | 4 5 6 7 9 10 12 | 12.3
Fighting       | 4 5 6 7 9 10 12 | 12.1
Ranged Weapons | 2 3 4 6 8 10 12 14 | 14.0
Dodging        | 2 |  2.0
Evocations     | 2 |  2.1

Action                   |  1- 3 |  4- 6 |  7- 9 | 10-12 || total
-------------------------+-------+-------+-------+-------++-------
Melee: War axe           |    86 |    90 |   249 |   119 ||   544
       Headbutt          |     4 |    19 |    57 |    33 ||   113
       Hand axe          |       |       |       |     6 ||     6
 Fire: Sling             |    10 |    42 |    50 |   328 ||   430
Invok: Potion Petition   |       |       |       |     2 ||     2
       Call Merchant     |       |       |       |     1 ||     1
Evoke: Wand              |       |       |       |     5 ||     5
  Use: Potion            |     1 |       |     2 |     6 ||     9
       Scroll            |       |       |     8 |     6 ||    14
 Stab: Invisible         |       |       |     1 |     6 ||     7
Armor: Scale mail        |    52 |    21 |       |       ||    73
       Plate armour      |       |    32 |   114 |       ||   146
       Crystal plate arm |       |       |   161 |   514 ||   675
Dodge: Dodged            |    46 |    40 |    73 |   117 ||   276
Block: Buckler           |    22 |    20 |    72 |   100 ||   214

Table legend: (Time is in decaauts)
 A = Elapsed time spent in this place.
 B = Non-inter-level travel time spent in this place.
 C = Inter-level travel time spent in this place.
 D = Time resting spent in this place.
 E = Time spent auto-exploring this place.
 F = Levels seen in this place.
 G = Mean time per level.
                   A        B        C        D        E       F      G
               +--------+--------+--------+--------+--------+-----+--------+
         Total |  14777 |  13947 |    830 |   2194 |   8628 |  15 |  985.1 |
       Dungeon |  13217 |  12387 |    830 |   1856 |   8076 |  11 | 1201.5 |
        Temple |      1 |      1 |      0 |      0 |      0 |   1 |    1.0 |
          Lair |    169 |    169 |      0 |    121 |      0 |   1 |  169.0 |
         Sewer |    702 |    702 |      0 |      0 |    474 |   1 |  702.0 |
      Gauntlet |    686 |    686 |      0 |    217 |     78 |   1 |  686.0 |
               +--------+--------+--------+--------+--------+-----+--------+

Top non-repeatable levels by time:
    D:10: 3172 daAuts
     D:8: 1527 daAuts
     D:6: 1372 daAuts
     D:9: 1304 daAuts
     D:3: 1179 daAuts
     D:7: 1092 daAuts
     D:4: 1088 daAuts
     D:5: 900 daAuts
     D:1: 847 daAuts
   Sewer: 702 daAuts
Gauntlet: 686 daAuts
     D:2: 562 daAuts
    D:11: 170 daAuts
  Lair:1: 169 daAuts
  Temple: 1 daAuts
